 Dungeon Crawl Stone Soup version 0.21.1-1-g345015f (webtiles) character file.

28 inc the Vexing (level 3, 14/14 HPs)
             Began as a Felid Enchanter on Feb 22, 2018.
             Quit the game on level 2 of the Dungeon.
             The game lasted 00:03:47 (2396 turns).

inc the Vexing (Felid Enchanter)                    Turns: 2396, Time: 00:03:48

Health: 14/14      AC:  1    Str:  4    XL:     3   Next: 0%
Magic:  7/7        EV: 18    Int: 17    God:
Gold:   111        SH:  0    Dex: 16    Spells: 0/6 levels left
                                        Lives:  0   Deaths: 1

rFire    . . .     SeeInvis +     - Unarmed
rCold    . . .     Gourm    .   (shield unavailable)
rNeg     . . .     Faith    .   (armour unavailable)
rPois    .         Spirit   .   (helmet unavailable)
rElec    .         Reflect  .   (cloak unavailable)
rCorr    .         Harm     .   (gloves unavailable)
MR       .....                  (boots unavailable)
Stlth    +++.......             (no amulet)
HPRegen  0.04/turn              (no ring)
MPRegen  0.10/turn              (no ring)

@: quick
A: very small, no armour, no weapons or thrown items, stealth, claws 1, fangs 3,
see invisible, carnivore, speed 1, shaggy fur 1, slow metabolism 1, sharp paws
a: no special abilities


You were on level 2 of the Dungeon.
You were not hungry.

You visited 1 branch of the dungeon, and saw 3 of its levels.

You collected 111 gold pieces.

Inventory:

Scrolls
 c - 5 scrolls of identify {unknown}
 d - 4 scrolls of remove curse {unknown}
 f - a scroll of magic mapping {unknown}
 g - a scroll of blinking {unknown}
 i - a scroll of fog {unknown}
 k - a scroll of teleportation {unknown}
 l - a scroll of amnesia {unknown}
Potions
 e - a potion of degeneration {unknown}
 h - a potion of flight {unknown}
 j - 2 potions of brilliance {unknown}
 m - a potion of invisibility {unknown}
Books
 a - a book of Maledictions

   Spells                             Type                      Level
   a - Corona                         Hexes                        1
   b - Ensorcelled Hibernation        Hexes/Ice                    2
   c - Confuse                        Hexes                        3
   d - Tukima's Dance                 Hexes                        3
   e - Dazzling Spray                 Conjuration/Hexes            3
Comestibles
 b - 6 rations


   Skills:
 - Level 2.6 Dodging
 - Level 4.0 Stealth
 + Level 3.9 Unarmed Combat
 - Level 2.0 Spellcasting
 - Level 4.4 Hexes


You couldn't memorise any spells.
You knew the following spells:

 Your Spells              Type           Power        Failure   Level  Hunger
a - Corona                Hex            ###....      3%          1    #......
b - Ensorcelled Hibernat  Hex/Ice        #.....       12%         2    ###....
c - Confuse               Hex            ###.....     10%         3    ###....


Dungeon Overview and Level Annotations

Branches:
Dungeon (3/15)

Altars:


Innate Abilities, Weirdness & Mutations

You cannot wear armour.
You are incapable of wielding weapons or throwing items.
Your paws allow you to move quietly. (Stealth)
You have sharp claws.
You have razor-sharp teeth.
You have supernaturally acute eyesight. (SInv)
You are carnivorous and can eat meat at any time.
You cover ground quickly.
You are covered in fur. (AC +1)
You have a slow metabolism.
Your sharp claws are effective at attacking unaware monsters.


Message History

* * * LOW HITPOINT WARNING * * *
The leopard gecko misses you.
You barely miss the jackal. Your bite misses the jackal. The jackal misses you.
The leopard gecko closely misses you.
You scratch the jackal.
You kill the jackal!
You have reached level 4!
Extra life!
The leopard gecko barely misses you.
Casting: Ensorcelled Hibernation
Confirm with . or Enter, or press ? or * to list all spells.
Aiming: Ensorcelled Hibernation
Press: ? - help, Shift-Dir - straight line, f - leopard gecko
Aim: a leopard gecko (clinging, chance to defeat MR: 58%)
The leopard gecko resists with significant effort.
The leopard gecko bites you.
You die...
You are now level 3!
You rejoin the land of the living...
Are you sure you want to abandon this character and quit the game? (Confirm with "yes".)

# #.########.## # #.#
#####...##
###.###........########
.....##.#.............#
###..##.....†..######.#
#......##...## #.#
#.########.## #.#
#..†...<...###### #.#
###.............@.#
#.####
.....####.....###.#
#....# ###..####.###.#
#.# ####.# #.......#
#.# #.## #.#
##.###..###.# #..# #.#
#.# #<.....# ##.# #.#
#.# #.###### #.# #.#
#.###.## #.# #.#
####.##.#.###
##.#####.#


There were no monsters in sight!

Vanquished Creatures
  2 adders
  An ooze (D:2)
  A worm (D:2)
  A dart slug (D:1)
  A leopard gecko (D:1)
  6 bats
  4 goblins
  5 hobgoblins
  5 jackals
  2 quokkas (D:2)
  2 frilled lizards (D:1)
  3 kobolds
  3 rats
36 creatures vanquished.

Notes
Turn   | Place    | Note
-------+----------+-------------------------------------------
     0 | D:1      | inc the Felid Enchanter began the quest for the Orb.
     0 | D:1      | Reached XP level 1. HP: 7/7 MP: 4/4
   250 | D:1      | Reached XP level 2. HP: 8/11 MP: 6/6
  1017 | D:2      | Reached XP level 3. HP: 14/14 MP: 7/7
  1021 | D:2      | Learned a level 2 spell: Ensorcelled Hibernation
  1025 | D:2      | Learned a level 3 spell: Confuse
  2389 | D:2      | Reached XP level 4. HP: 1/18 MP: 1/8
  2395 | D:2      | Slain by a leopard gecko
  2396 | D:2      | Reached XP level 3. HP: -3/14 MP: 0/7
  2396 | D:2      | Quit the game

Skill      XL: |  1  2 |
---------------+-------+-----
Unarmed Combat | 2 3 |  3.9
Dodging        | |  2.6
Stealth        | |  4.0
Spellcasting   | |  2.0
Hexes          | |  4.4

Action                   |  1- 3 |  4- 6 || total
-------------------------+-------+-------++-------
Melee: Unarmed           |    74 |       ||    74
       Bite              |     3 |       ||     3
 Cast: Ensorcelled Hiber |    17 |     1 ||    18
 Stab: Sleeping          |    22 |       ||    22
  Eat: Chunk             |     3 |       ||     3
Armor: Skin              |     6 |       ||     6
Dodge: Dodged            |    75 |     1 ||    76
